Map: [ESL] Inside and Out

Players

ShoWTimE

  • Race: Protoss Protoss
  • Spawn Location: 1:00

Spirit (souL) - Winner!

  • Race: Terran Terran
  • League: Master
  • Spawn Location: 7:00

Event: HomeStory Cup XXII

VOD

Have the link to the VOD?

Description

Time

  • Played on: Dec. 15, 2022, 7:05 a.m.
  • Length: 6:05

All games in this series

Show
View Real Time Build Order
Export as new Build Order

ShoWTimE Protoss 

Build Orders: 1 Gate Expand, Oracle Opening 

Get SALT Encoding   

  12  0:00  Probe  
  13  0:12  Probe  
  14  0:17  Pylon  
  14  0:24  Probe (Chrono Boost)  
  15  0:34  Gateway  
  15  0:36  Probe (Chrono Boost)  
  16  0:45  Probe (Chrono Boost)  
  16  0:46  Assimilator  
  17  0:50  Probe  
  18  1:03  Probe  
  19  1:15  Probe  
  20  1:22  Nexus  
  20  1:31  Cybernetics Core  
  20  1:34  Probe  
  21  1:41  Assimilator  
  21  1:46  Probe  
  22  1:51  Pylon  
  22  1:58  Probe  
  23  2:06  Adept (Chrono Boost)  
  23  2:10  Probe  
  26  2:17  Stargate  
  26  2:23  Probe  
  26  2:27  Adept (Chrono Boost)  
  29  2:34  Warp Gate, Probe (Chrono Boost)  
  31  2:41  Probe (Chrono Boost)  
  31  2:44  Probe (Chrono Boost)  
  32  2:48  Probe (Chrono Boost)  
  32  2:49  Adept, Probe (Chrono Boost)  
  36  2:59  Probe, Pylon  
  36  3:01  Probe  
  36  3:04  Oracle (Chrono Boost)  
  38  3:11  Probe  
  42  3:13  Probe  
  42  3:19  Adept  
  45  3:23  Gateway, Probe  
  45  3:25  Probe  
  47  3:32  Oracle (Chrono Boost)  
  47  3:35  Probe  
  47  3:37  Probe  
  52  3:45  Pylon  
  52  3:47  Probe  
  53  3:49  Probe  
  54  4:02  Nexus  
  54  4:04  Phoenix (Chrono Boost)  
  54  4:06  Probe x2  
  58  4:14  Pylon  
  58  4:21  Stalker x2  
  62  4:25  Probe  
  62  4:32  Probe  
  62  4:37  Probe  
  58  4:44  Probe, Stalker x2  
  55  4:49  Probe  
  52  4:54  Phoenix (Chrono Boost)  
  52  4:56  Probe  
  53  5:00  Assimilator  
  53  5:01  Probe  
  53  5:02  Gateway  
  53  5:03  Assimilator  
  53  5:04  Gateway  
  54  5:08  Probe  
  54  5:09  Stalker x2  
  54  5:12  Pylon  
  54  5:13  Probe, Pylon  
  58  5:25  Probe  
  58  5:27  Probe  
  48  5:30  Probe  
  48  5:34  Pylon  
  39  5:37  Stalker  
  39  5:39  Probe  
  41  5:57  Adept  
  41  5:58  Stalker  
Show
View Real Time Build Order
Export as new Build Order

Spirit Terran - Winner!

Build Orders:  

Get SALT Encoding   

  12  0:00  SCV  
  13  0:12  SCV  
  14  0:17  Supply Depot  
  14  0:25  SCV  
  15  0:38  SCV  
  15  0:40  Barracks  
  16  0:44  Refinery  
  16  0:50  SCV  
  17  1:02  SCV  
  18  1:14  SCV  
  19  1:27  Orbital Command, Marine  
  20  1:47  Barracks Reactor  
  20  1:48  Command Center  
  20  1:53  Supply Depot  
  20  1:54  SCV  
  21  2:06  SCV  
  21  2:07  Factory  
  22  2:16  Refinery  
  22  2:18  SCV  
  23  2:24  Marine x2  
  25  2:30  SCV  
  26  2:41  Marine x2  
  26  2:42  SCV  
  31  2:51  Widow Mine, Starport  
  31  2:59  Marine  
  31  3:00  Marine, Orbital Command  
  31  3:01  SCV  
  34  3:13  SCV, Factory Tech Lab  
  34  3:17  Marine  
  34  3:18  Marine  
  37  3:25  SCV x2  
  39  3:34  Siege Tank  
  39  3:35  Marine  
  39  3:36  Medivac  
  39  3:37  Supply Depot, SCV  
  46  3:49  Supply Depot  
  46  3:59  SCV x2, Marine  
  49  4:06  Cyclone, Viking  
  54  4:10  Marine  
  54  4:11  SCV x2  
  54  4:14  Supply Depot  
  54  4:16  Marine  
  58  4:19  Supply Depot  
  58  4:23  SCV x2  
  60  4:28  Bunker, Marine  
  61  4:34  Marine  
  61  4:35  SCV x2  
  59  4:42  Cyclone  
  58  4:46  Marine  
  58  4:47  SCV x2  
  58  4:52  Marine  
  60  4:59  Viking, SCV x2  
  64  5:03  Marine  
  65  5:07  Barracks  
  65  5:09  Barracks  
  65  5:10  Marine  
  65  5:11  SCV  
  65  5:13  Engineering Bay  
  67  5:15  SCV  
  68  5:21  Marine  
  68  5:24  SCV  
  68  5:27  SCV  
  68  5:28  Marine  
  66  5:36  SCV  
  66  5:39  Marine  
  68  5:45  SCV, Marine  
  67  5:56  Refinery x2, Barracks Tech Lab x2  
Tags
 
Add a new tag
Caveats
  • Supply blocks, unpowered buildings, or Contaminate may cause inaccurate times.
  • Supply counts are checked every 10 seconds.